 Dungeon Crawl Stone Soup version 0.17-a0-427-ga655056 (webtiles) character file.

12002 McCoppin the Grappler (level 11, -9/94 HPs)
             Began as a Troll Chaos Knight on Apr 3, 2015.
             Mangled by a seven-headed hydra (10 damage)
             ... on level 2 of the Lair of Beasts.
             The game lasted 00:33:21 (8050 turns).

McCoppin the Grappler (Troll Chaos Knight)          Turns: 8050, Time: 00:33:22

Health: -9/94      AC: 10    Str: 27      XL:     11   Next: 56%
Magic:  22/22      EV: 12    Int: 13      God:    Xom [...*..]
Gold:   566        SH:  0    Dex: 10 (11) Spells: 0 memorised, 10 levels left

rFire  . . .     SeeInvis .       - Unarmed
rCold  + . .     Clarity  .     I - +1 swamp dragon armour
rNeg   . . .     SustAb   .     (no shield)
rPois  +         Gourm    +     F - +3 hat of Pondering {ponderous, MR+ MP+10 Int+5}
rElec  .         Spirit   .     (no cloak)
rCorr  .         Warding  .     (gloves unavailable)
rMut   .         Stasis   .     (boots unavailable)
MR     ++...                    f - amulet of regeneration
Stlth  +.........               t - ring of protection from cold
                                p - ring of protection from magic

@: slow, very resistant to hostile enchantments, very unstealthy
A: unfitting armour, claws 3, breathe flames 1, deformed body, fast metabolism
3, gourmand, mutation resistance 1, regeneration 2, shaggy fur 1, strong 2,
tough skin 2, MP-powered wands
a: Renounce Religion, Breathe Fire


You were on level 2 of the Lair of Beasts.
You worshipped Xom.
You were a favourite toy of Xom.
You were completely stuffed.

You visited 2 branches of the dungeon, and saw 12 of its levels.

You collected 613 gold pieces.
You spent 47 gold pieces at shops.

Inventory:

Hand weapons
 w - a +0 demon whip
 B - a +1 blowgun
Missiles
 e - 5 javelins (quivered)
 i - 97 poisoned needles
 D - a throwing net
Armour
 n - a +1 robe of resistance
 F - the +3 hat of Pondering (worn) {ponderous, MR+ MP+10 Int+5}
   (You took it off Gastronok on level 1 of the Lair of Beasts)

   It affects your intelligence (+5).
   It affects your resistance to hostile enchantments.
   It affects your magic capacity (+10).
 I - a +1 swamp dragon armour (worn)
 W - a +1 robe of positive energy
Jewellery
 f - an amulet of regeneration (around neck)
 p - a ring of protection from magic (left claw)
 t - a ring of protection from cold (right claw)
 U - an uncursed ring of ice
Magical devices
 l - a wand of flame (12)
 m - a wand of lightning (9)
 E - a wand of magic darts (15)
 G - a wand of digging (14)
 K - a wand of draining (8)
 M - a wand of random effects (37)
 O - a wand of heal wounds (1)
 P - a wand of digging (9)
 S - a wand of fire (13)
 Y - a wand of magic darts (25)
Scrolls
 c - 5 scrolls of fog
 g - 2 scrolls of blinking
 j - 3 scrolls of noise
 r - 2 scrolls of enchant weapon
 z - a scroll of fear
 J - a scroll of amnesia
 L - 4 scrolls of teleportation
 N - 2 scrolls of remove curse
 Z - a scroll of enchant armour
Potions
 d - a potion of magic
 h - 3 potions of restore abilities
 k - a potion of heal wounds
 o - a potion of ambrosia
 q - a potion of berserk rage
 s - 2 potions of haste
 v - 2 potions of curing
 x - a potion of agility
 C - a potion of brilliance
 H - 2 potions of invisibility
 Q - a potion of cure mutation
 R - a potion of might
Books
 b - a book of Necromancy

   Spells                             Type                      Level
   a - Pain                           Necromancy                   1
   b - Animate Skeleton               Necromancy                   1
   c - Vampiric Draining              Necromancy                   3
   d - Regeneration                   Charms/Necromancy            3
   e - Animate Dead                   Necromancy                   4
   f - Control Undead                 Necromancy                   4
 y - a book of Maledictions

   Spells                             Type                      Level
   a - Corona                         Hexes                        1
   b - Ensorcelled Hibernation        Hexes/Ice                    2
   c - Confuse                        Hexes                        3
   d - Dazzling Spray                 Conjuration/Hexes            3
   e - Enslavement                    Hexes                        4
 T - Xom's Tome of Mayhem
   (Xom gifted it to you on level 9 of the Dungeon)

   Spells                             Type                      Level
   a - Corona                         Hexes                        1
   b - Leda's Liquefaction            Hexes/Earth                  4
   c - Silence                        Hexes/Air                    5
   d - Summon Mana Viper              Hexes/Summoning              5
   e - Metabolic Englaciation         Hexes/Ice                    5
Miscellaneous
 V - an ornate deck of changes {the Shadow}
Comestibles
 a - 10 bread rations
 u - 5 meat rations
 A - 11 fruits
 X - 3 chunks of flesh


   Skills:
 - Level 2.4 Fighting
 + Level 8.1 Dodging
 - Level 14.1 Unarmed Combat
 * Level 5.3 Evocations


You had 10 spell levels left.
You didn't know any spells.

Dungeon Overview and Level Annotations

Branches:
Dungeon (10/15)            Temple (0/1) D:7            Lair (2/8) D:10
    Orc: D:9-12

Altars:
Fedhas
Kikubaaqudgha
Makhleb
Qazlal
Sif Muna
Trog
Vehumet
Xom
Yredelemnul
Zin

Shops:
D:5 *   D:9 [   D:10 (


Innate Abilities, Weirdness & Mutations

You are too large for most types of armour.
You have claws for hands.
Your metabolism is lightning-fast.
You like to eat raw meat.
You heal very quickly.
You are covered in fur (AC +1).
You have very tough skin (AC +2).
You can breathe flames.
Armour fits poorly on your strangely shaped body.
You are somewhat resistant to further mutation.
Your muscles are very strong. (Str +4)
You expend magic power (3 MP) to strengthen your wands.


Message History

The seven-headed hydra closely misses you.
The seven-headed hydra bites you but does no damage.
The seven-headed hydra bites you. x2
The seven-headed hydra bites you!
The seven-headed hydra bites you but does no damage.
The seven-headed hydra bites you!
There is a stone staircase leading up here.
The blink frog hits you but does no damage.
The seven-headed hydra bites you but does no damage. x2
The seven-headed hydra bites you! x2
* * * LOW HITPOINT WARNING * * *
You emit a cloud of colourful smoke!
The seven-headed hydra bites you!
* * * LOW HITPOINT WARNING * * *
The wolf barks!
The seven-headed hydra bites you!
* * * LOW HITPOINT WARNING * * *
The seven-headed hydra bites you!
You die...
Xom howls with laughter!

..# #...##..
##...#... .......
##.....♣♣ #P......
♣.. #.....# ..F.
#..§#h### P....
#.§@D#..###P.....P
#..§F.....FF......
#.........!.......
#.................
##................
#.....<..........
#...............
.!###.#..#..... #.
#...)#....


You could see a seven-headed hydra, 3 blink frogs and a wolf.

Vanquished Creatures
  Gastronok (Lair:1)
  Fannar (Lair:1)
  3 hill giants
  An elephant (D:10)
  A spiny frog (Lair:1)
  A komodo dragon (Lair:1)
  A merfolk (D:10)
  Sigmund (D:3)
  A yak (D:10)
  A wyvern (D:9)
  Eustachio (D:6)
  5 wolves (Lair:1)
  A steam dragon (D:9)
  A hungry ghost (D:7)
  Edmund (D:4)
  2 water moccasins (Lair:1)
  3 orc warriors
  6 ice beasts
  2 sky beasts
  2 black bears (D:10)
  A wasp (D:10)
  A necrophage (D:8)
  2 phantoms
  4 ogres
  2 centaurs
  2 big kobolds
  3 crocodiles
  7 giant frogs
  A scorpion (D:10)
  8 wights
  2 centaur zombies
  A jelly (D:8)
  10 crimson imps
  3 quasits
  2 goliath beetles (D:10)
  5 hounds
  6 orc priests
  Ijyb (D:3)
  A giant frog zombie (D:10)
  An iron imp (D:6)
  11 orc wizards
  A gnoll shaman (D:5)
  Terence (D:2)
  4 iguanas
  8 worker ants
  4 sheep (Lair:1)
  7 hound skeletons
  Robin (D:2)
  12 adders
  10 gnolls
  9 river rats (Lair:1)
  2 shadow imps
  3 worms
  3 giant geckos
  24 orcs
  A ball python (D:2)
  4 giant cockroaches
  22 goblins
  10 hobgoblins
  4 jackals
  6 quokkas
  10 bats
  4 giant newts
  A giant spore (D:7)
  A jackal skeleton (D:7)
  35 kobolds
  A quokka skeleton (D:5)
  A quokka zombie (D:5)
  12 rats
  A ballistomycete (D:7)
  A butterfly (D:6)
313 creatures vanquished.

Vanquished Creatures (collateral kills)
  A wolf (Lair:1)
  A goblin (D:2)
2 creatures vanquished.

Vanquished Creatures (others)
  A ball lightning (D:6)
  A shadow imp (D:5)
2 creatures vanquished.

Grand Total: 317 creatures vanquished

Notes
Turn   | Place    | Note
--------------------------------------------------------------
     0 | D:1      | McCoppin, the Troll Chaos Knight, began the quest for the Orb.
     0 | D:1      | Reached XP level 1. HP: 22/22 MP: 0/0
    57 | D:1      | XOM: potion effect (invisibility)
   118 | D:1      | XOM: divination: magic mapping
   200 | D:1      | XOM: silly message
   220 | D:1      | Reached XP level 2. HP: 29/29 MP: 1/1
   256 | D:1      | XOM: harmless Summ miscast
   595 | D:2      | Found a radiant altar of Vehumet.
   597 | D:2      | Found a burning altar of Makhleb.
   597 | D:2      | Found a shimmering altar of Xom.
   598 | D:2      | Found a glowing silver altar of Zin.
   598 | D:2      | Found a basalt altar of Yredelemnul.
   629 | D:2      | XOM: harmless Hex miscast
   646 | D:2      | Reached skill level 4 in Unarmed Combat
   659 | D:2      | Reached XP level 3. HP: 22/36 MP: 2/2
   682 | D:2      | XOM: smoke on damage
   787 | D:2      | Noticed Robin
   793 | D:2      | XOM: confuse monster(s)
   796 | D:2      | Killed Robin
   885 | D:2      | XOM: mild Conj miscast
   894 | D:2      | Reached XP level 4. HP: 35/44 MP: 3/3
   948 | D:2      | Reached skill level 5 in Unarmed Combat
  1014 | D:2      | XOM: vitrification
  1086 | D:2      | Noticed Terence
  1091 | D:2      | Killed Terence
  1267 | D:2      | XOM: confuse monster(s)
  1286 | D:3      | Noticed Sigmund
  1286 | D:3      | XOM: mild Fire miscast
  1287 | D:3      | Noticed a fire vortex
  1287 | D:3      | Noticed a fire vortex
  1300 | D:3      | Killed Sigmund
  1300 | D:3      | Reached skill level 6 in Unarmed Combat
  1300 | D:3      | Reached XP level 5. HP: 26/50 MP: 4/4
  1300 | D:3      | Reached XP level 6. HP: 30/59 MP: 5/5
  1357 | D:3      | XOM: harmless Pois miscast
  1434 | D:3      | Noticed Ijyb
  1441 | D:3      | Killed Ijyb
  1441 | D:3      | Reached skill level 7 in Unarmed Combat
  1594 | D:3      | Found a bloodstained altar of Trog.
  1628 | D:3      | XOM: vitrification
  1749 | D:4      | XOM: confuse monster(s)
  1761 | D:4      | Reached skill level 8 in Unarmed Combat
  1774 | D:4      | Reached XP level 7. HP: 53/66 MP: 6/6
  1868 | D:4      | Gained mutation: Your muscles are strong. (Str +2) [potion of mutation]
  1868 | D:4      | Gained mutation: Armour fits poorly on your strangely shaped body. [potion of mutation]
  1966 | D:4      | Found a bloodstained altar of Trog.
  2012 | D:4      | Noticed Edmund
  2022 | D:4      | Killed Edmund
  2118 | D:4      | Reached skill level 9 in Unarmed Combat
  2155 | D:4      | XOM: cast spell 'Spider Form'
  2248 | D:5      | Entered Level 5 of the Dungeon
  2287 | D:5      | XOM: divination: detect creatures
  2346 | D:5      | XOM: summons friendly shadow imp
  2361 | D:5      | Gained mutation: You expend magic power (3 MP) to strengthen your wands. [mutagenic meat]
  2362 | D:5      | Gained mutation: Your muscles are very strong. (Str +4) [mutagenic meat]
  2396 | D:5      | XOM: smoke on damage
  2426 | D:5      | Found Fyop's Fabulous Fripperies.
  2434 | D:5      | Bought a scroll of fog for 28 gold pieces
  2459 | D:5      | XOM: divination: detect items
  2515 | D:5      | Found a deep blue altar of Sif Muna.
  2519 | D:5      | XOM: divination: magic mapping
  2553 | D:5      | Reached XP level 8. HP: 74/74 MP: 7/7
  2821 | D:5      | XOM: potion effect (berserk rage)
  2835 | D:5      | Reached skill level 10 in Unarmed Combat
  3185 | D:5      | XOM: silly message
  3496 | D:6      | XOM: butterfly on damage
  3504 | D:6      | XOM: cast spell 'Conjure Ball Lightning'
  3674 | D:6      | XOM: colour smoke trail
  3740 | D:6      | XOM: noise
  3745 | D:6      | XOM: noise
  3750 | D:6      | XOM: chaos cloud
  3816 | D:6      | Found a blossoming altar of Fedhas.
  3831 | D:6      | Reached skill level 11 in Unarmed Combat
  3840 | D:6      | Reached XP level 9. HP: 67/80 MP: 8/8
  3990 | D:6      | XOM: harmless Tloc miscast
  4030 | D:6      | Noticed Eustachio
  4053 | D:6      | XOM: blink monster(s)
  4067 | D:6      | Killed Eustachio
  4074 | D:6      | XOM: mild Pois miscast
  4315 | D:6      | XOM: cast spell 'Statue Form'
  4336 | D:6      | XOM: god gift: runed swamp dragon armour {god gift}
  4472 | D:7      | Found a staircase to the Ecumenical Temple.
  4735 | D:7      | XOM: polymorph orc -> giant newt
  4834 | D:7      | Got a brightly glowing robe
  4845 | D:7      | Identified the +0 robe "Ohi Fer" {rN+} (You found it on level 7 of the Dungeon)
  4928 | D:7      | Reached skill level 12 in Unarmed Combat
  4936 | D:7      | XOM: 1-stop teleportation journey
  4996 | D:7      | Reached skill level 5 in Dodging
  5011 | D:7      | XOM: give mutations
  5011 | D:7      | Gained mutation: You are somewhat resistant to further mutation. [Xom's grace]
  5011 | D:7      | Gained mutation: You can breathe flames. [Xom's grace]
  5177 | D:7      | Found a stormy altar of Qazlal.
  5177 | D:7      | Found an ancient bone altar of Kikubaaqudgha.
  5340 | D:8      | XOM: 2-stop teleportation journey
  5412 | D:8      | XOM: swap monsters
  5507 | D:8      | XOM: swap monsters
  6002 | D:9      | Noticed a hill giant
  6010 | D:9      | XOM: swap monsters
  6013 | D:9      | XOM: god gift: antique book {god gift}
  6014 | D:9      | Identified Xom's Tome of Mayhem (Xom gifted it to you on level 9 of the Dungeon)
  6015 | D:9      | XOM: confuse monster(s)
  6026 | D:9      | Killed a hill giant
  6026 | D:9      | Reached skill level 13 in Unarmed Combat
  6026 | D:9      | Reached XP level 10. HP: 59/88 MP: 9/9
  6220 | D:9      | XOM: summons friendly iron imp
  6223 | D:9      | XOM: medium Ice miscast
  6237 | D:9      | Found Bonogy's Antique Armour Emporium.
  6253 | D:9      | Bought a glowing robe for 19 gold pieces
  6265 | D:9      | XOM: harmless Pois miscast
  6293 | D:9      | XOM: polymorph iron imp -> quasit
  6505 | D:10     | Entered Level 10 of the Dungeon
  6595 | D:10     | Found a staircase to the Lair.
  6595 | D:10     | Noticed an elephant
  6604 | D:10     | Killed an elephant
  6708 | D:10     | XOM: divination: magic mapping
  6718 | D:10     | Noticed a hill giant
  6721 | D:10     | XOM: potion effect (curing)
  6725 | D:10     | Killed a hill giant
  6725 | D:10     | Reached skill level 14 in Unarmed Combat
  6787 | D:10     | Reached skill level 1 in Evocations
  7028 | D:10     | Found Qaaqurcha's Weapon Shop.
  7057 | D:10     | Noticed a hill giant
  7059 | D:10     | XOM: divination: detect creatures
  7062 | D:10     | XOM: harmless Air miscast
  7071 | D:10     | Killed a hill giant
  7071 | D:10     | Reached XP level 11. HP: 25/94 MP: 7/11
  7198 | Lair:1   | Entered Level 1 of the Lair of Beasts
  7337 | Lair:1   | XOM: silly message
  7424 | Lair:1   | Noticed Gastronok
  7426 | Lair:1   | XOM: enchant monster (good)
  7441 | Lair:1   | Killed Gastronok
  7548 | Lair:1   | Noticed Fannar
  7576 | Lair:1   | Killed Fannar
  7632 | Lair:1   | XOM: mild Pois miscast
  7785 | Lair:1   | XOM: medium Chrm miscast
  7959 | Lair:1   | Reached skill level 5 in Evocations
  7965 | Lair:1   | XOM: confusion (+ monsters)
  7979 | Lair:1   | XOM: summons friendly white imp
  8039 | Lair:2   | Noticed a seven-headed hydra
  8050 | Lair:2   | XOM: smoke on damage
  8050 | Lair:2   | HP: 1/94 [seven-headed hydra (13)]
  8050 | Lair:2   | Mangled by a seven-headed hydra

Action                   |  1- 3 |  4- 6 |  7- 9 | 10-12 || total
-------------------------+-------+-------+-------+-------++-------
Melee: Unarmed           |    86 |    85 |   451 |   298 ||   920
 Fire: Blowgun           |       |       |     1 |     4 ||     5
Evoke: Wand              |       |     4 |       |     1 ||     5
  Use: Potion            |       |     1 |     4 |     1 ||     6
       Scroll            |       |       |    21 |     5 ||    26
 Stab: Invisible         |     2 |       |       |       ||     2
       Sleeping          |     2 |       |       |       ||     2
       Confused          |       |     1 |     1 |       ||     2
  Eat: Chunk             |    14 |     7 |    51 |    19 ||    91
       Royal jelly       |       |       |       |     1 ||     1
       Beef jerky        |       |       |       |     1 ||     1
